 Dungeon Crawl Stone Soup version 0.23.0-3-gf3c87f2 (webtiles) character file.

Game seed: 8467367146567506943

275 misha the Slasher (level 6, -15/48 HPs)
             Began as a Merfolk Gladiator on Feb 22, 2019.
             Killed from afar by a dart slug (21 damage)
             ... with an exploding inner flame
             ... hexed by the player character
             ... on level 4 of the Dungeon.
             The game lasted 00:16:15 (3693 turns).

misha the Slasher (Merfolk Gladiator)               Turns: 3693, Time: 00:16:16

Health: -15/48     AC: 13    Str: 15    XL:     6   Next: 25%
Magic:  6/6        EV:  5    Int:  9    God:
Gold:   107        SH:  0    Dex: 15    Spells: 5/5 levels left

rFire    . . .     SeeInvis .   b - +1 dagger (venom)
rCold    . . .     Gourm    .   (no shield)
rNeg     . . .     Faith    .   g - +0 plate armour
rPois    .         Spirit   .   v - +0 helmet
rElec    .         Reflect  .   (no cloak)
rCorr    .         Harm     .   w - +0 pair of gloves
MR       .....                  (no boots)
Stlth    ..........             (no amulet)
HPRegen  0.16/turn              m - ring of wizardry
MPRegen  0.10/turn              (no ring)

@: lethally poisoned (-15 -> -18)
A: change form in water, swift swim, stealthy swim
a: no special abilities


You were on level 4 of the Dungeon.
You were not hungry.

You visited 1 branch of the dungeon, and saw 4 of its levels.

You collected 107 gold pieces.

Inventory:

Hand Weapons
 b - a +1 dagger of venom (weapon)
 s - a -1 flail
 y - a +0 long sword
Missiles
 d - 3 throwing nets (quivered)
 e - 19 bolts
 k - 39 arrows
 l - 19 poisoned needles
 o - 107 stones
 x - 59 sling bullets
Armour
 c - a +0 helmet
 g - a +0 plate armour (worn)
 h - a +0 leather armour
 v - a +0 helmet (worn)
 w - a +0 pair of gloves (worn)
Magical Staves
 a - an uncursed staff of fire
Jewellery
 i - an uncursed ring of protection from cold {unknown}
 m - a ring of wizardry (left hand)
Scrolls
 j - a scroll of remove curse
 p - a scroll of amnesia
 C - a scroll of identify
Potions
 n - 2 potions of curing
 q - 2 potions of cancellation
 r - 2 potions of magic
 t - a potion of brilliance {unknown}
 u - a potion of mutation {unknown}
 A - a potion of flight {unknown}
 B - a potion of ambrosia {unknown}
Comestibles
 f - 6 rations


   Skills:
 + Level 3.8 Fighting
 + Level 4.8 Long Blades
 + Level 3.4 Throwing
 + Level 1.9 Armour
 - Level 4.1 Dodging


You had 5 spell levels left.
You didn't know any spells.
Your spell library was empty.

Dungeon Overview and Level Annotations

Branches:
Dungeon (4/15)
 Temple: D:4-7

Altars:
Uskayaw

Annotations:
D:4 Dowan


Message History

Dowan blinks!
The worker ant bites you.
* * * LOW HITPOINT WARNING * * *
The dart slug barely misses you.
You hit the dart slug.
The dart slug is lightly wounded.
The orc hits you with a +0 flail.
* * * LOW HITPOINT WARNING * * *
The worker ant bites you.
* * * LOW HITPOINT WARNING * * *
You hit the dart slug.
The dart slug is moderately wounded.
You feel sick.
The worker ant bites you but does no damage.
The orc barely misses you.
The dart slug bites you but does no damage.
You hit the dart slug.
The dart slug is poisoned.
The dart slug is almost dead.
The dart slug explodes!
The fiery explosion engulfs you!!
You die...

... ... ...
#.# ##.## §§§
#§# #@## #ao##
##.)### ##.e.#
#######.###
.<........####
#####......[.#
######.### ##
o #######.###
#.


You could see Dowan (inner flame), a worker ant (inner flame) and an orc (inner
flame).

Vanquished Creatures
  Duvessa (D:4)
  A hound (D:4)
  A worker ant (D:1)
  A howler monkey skeleton (D:4)
  3 adders (D:2)
  A worm (D:2)
  A dart slug (D:2)
  A leopard gecko (D:1)
  5 giant cockroaches
  10 goblins
  6 hobgoblins
  6 jackals
  4 quokkas
  6 bats
  7 frilled lizards
  9 kobolds
  10 rats
73 creatures vanquished.

Notes
Turn   | Place    | Note
-------+----------+-------------------------------------------
     0 | D:1      | misha the Merfolk Gladiator began the quest for the Orb.
     0 | D:1      | Reached XP level 1. HP: 16/16 MP: 1/1
   190 | D:1      | Reached XP level 2. HP: 23/23 MP: 2/2
   638 | D:1      | Reached XP level 3. HP: 23/28 MP: 3/3
   969 | D:1      | Reached XP level 4. HP: 28/34 MP: 4/4
  1081 | D:2      | Reached skill level 1 in Armour
  1620 | D:2      | Found a hide-covered altar of Uskayaw.
  3025 | D:3      | Reached XP level 5. HP: 41/41 MP: 5/5
  3637 | D:4      | Noticed Dowan
  3638 | D:4      | Noticed Duvessa
  3678 | D:4      | Killed Duvessa
  3678 | D:4      | Reached XP level 6. HP: 37/48 MP: 6/6
  3693 | D:4      | Killed from afar by a dart slug

Skill      XL: |  1  2  3  4  5 |
---------------+----------------+-----
Long Blades    | 4 |  4.8
Fighting       | 3 |  3.8
Armour         | 1 |  1.9
Throwing       | 3 |  3.4
Dodging        | |  4.1

Action                   |  1- 3 |  4- 6 || total
-------------------------+-------+-------++-------
Melee: Long sword        |    43 |       ||    43
       Dagger            |    50 |   158 ||   208
       Staff             |       |     9 ||     9
       Flail             |       |     2 ||     2
  Use: Scroll            |       |     9 ||     9
  Eat: Chunk             |       |     5 ||     5
       Ration            |       |     1 ||     1
Armor: Plate armour      |    83 |   132 ||   215
Dodge: Dodged            |    47 |    48 ||    95
       Rpst.: Long sword |     7 |       ||     7
